 Dungeon Crawl Stone Soup version 0.20-a0-613-g92415a4 (webtiles) character file.

242 PurpleRed the Ruffian (level 6, 0/93 HPs)
             Began as an Ogre Transmuter on Feb 8, 2017.
             Succumbed to a worker ant's poison
             ... on level 4 of the Dungeon.
             The game lasted 00:12:08 (3681 turns).

PurpleRed the Ruffian (Ogre Transmuter)             Turns: 3681, Time: 00:12:09

Health: 0/93       AC: 23    Str: 16    XL:     6   Next: 9%
Magic:  7/9        EV:  1    Int: 14    God:
Gold:   162        SH:  0    Dex: 10    Spells: 8/11 levels left

rFire    . . .     SeeInvis .     - Unarmed
rCold    . . .     Gourm    .   (armour currently unavailable)
rNeg     + + +     Faith    .   (no shield)
rPois    +         Spirit   .   (helmet currently unavailable)
rElec    .         Reflect  .   (cloak currently unavailable)
rCorr    +         Harm     .   (gloves unavailable)
MR       .....     NoTele   +   (boots unavailable)
Stlth    +.........             (no amulet)
Regen    0.3/turn               (no ring)
                                h - ring of resist corrosion

@: lethally poisoned (0 -> -10), tree-form
A: unfitting armour, low mp 1, (tough skin 0)
a: no special abilities


You were on level 4 of the Dungeon.
You were not hungry.
You were a tree.
You visited 1 branch of the dungeon, and saw 4 of its levels.

You collected 162 gold pieces.

Inventory:

Missiles
 a - 118 arrows
 f - 3 tomahawks (quivered)
Armour
 b - a +0 robe (melded)
Jewellery
 h - a ring of resist corrosion (left branch)
Wands
 l - a wand of paralysis (12/24)
Scrolls
 e - a scroll of magic mapping
 m - 2 scrolls of enchant weapon
 p - a scroll of fear
Potions
 j - a potion of agility
 q - a potion of haste {unknown}
 r - a potion of cure mutation {unknown}
Books
 c - a book of Changes

   Spells                             Type                      Level
   a - Beastly Appendage              Transmutation                1
   b - Sticks to Snakes               Transmutation                2
   c - Spider Form                    Transmutation/Poison         3
   d - Ice Form                       Ice/Transmutation            4
   e - Blade Hands                    Transmutation                5
Comestibles
 d - 2 bread rations
 i - a royal jelly
 n - 6 chunks of flesh
 o - a meat ration


   Skills:
 + Level 4.2 Fighting
 - Level 1.7 Dodging
 + Level 4.4 Unarmed Combat
 - Level 3.2 Spellcasting
 + Level 2.6 Transmutations


You had 8 spell levels left.
You knew the following spells:

 Your Spells              Type           Power        Failure   Level  Hunger
a - Beastly Appendage     Tmut           #.....       10%         1    #......
b - Sticks to Snakes      Tmut           #.......     14%         2    ##.....


Dungeon Overview and Level Annotations

Branches:
Dungeon (4/15)
 Temple: D:4-7

Altars:


Innate Abilities, Weirdness & Mutations

You are too large for most types of armour.
((You have tough skin. (AC +1)))
Your magical capacity is low. (-10% MP)


Message History

You feel sick. The worker ant bites you!
* * * LOW HITPOINT WARNING * * *
Your ball python bites the worker ant but does no damage.
Your ball python constricts the worker ant.
The worker ant dies!
You have reached level 6!
Your experience leads to an increase in your attributes!
Increase (S)trength, (I)ntelligence, or (D)exterity?
You feel agile.
You feel stronger.
Your ball python looks stronger.
It was a potion of mutation.
You feel extremely strange.
You feel nature experimenting on you.
Don't worry, failures die fast.
Nature stops experimenting on you.
You feel less energetic.
* * * LOW HITPOINT WARNING * * *
You feel sick.
It was a potion of lignification.
Your horns disappear.
You turn into a tree.
Your +0 robe melds into your body.
Your roots penetrate the ground.
You die...

### ###...# ######
......#
#>...########......#
#..........♣S......+
#†###..######......#
#.# #..## ....###
#.# #...# ###.# #.#
#..## # ####.# #.##
#....# #.# #....#
######.#
#....#####.....


You could see a friendly ball python.

Vanquished Creatures
  A bullfrog skeleton (D:4)
  6 adders
  An adder skeleton (D:4)
  3 worms
  2 dart slugs (D:1)
  3 leopard geckos
  10 orcs
  3 ball pythons
  7 giant cockroaches
  6 goblins
  3 hobgoblins
  2 quokkas
  6 bats
  3 frilled lizards
  5 kobolds
  11 rats
72 creatures vanquished.

Vanquished Creatures (collateral kills)
  A bullfrog (D:3)
  A worker ant (D:4)
2 creatures vanquished.

Grand Total: 74 creatures vanquished

Notes
Turn   | Place    | Note
-------+----------+-------------------------------------------
     0 | D:1      | PurpleRed the Ogre Transmuter began the quest for the Orb.
     0 | D:1      | Reached XP level 1. HP: 19/19 MP: 3/3
   313 | D:1      | Reached XP level 2. HP: 28/28 MP: 5/5
   620 | D:1      | Learned a level 2 spell: Sticks to Snakes
   994 | D:2      | Reached XP level 3. HP: 27/36 MP: 4/6
  1492 | D:2      | Reached XP level 4. HP: 44/44 MP: 5/8
  2006 | D:3      | Found a faded altar of an unknown god.
  2045 | D:3      | Noticed a bullfrog
  2051 | D:3      | Killed a bullfrog
  2051 | D:3      | Reached XP level 5. HP: 47/53 MP: 3/9
  3679 | D:4      | HP: 2/54 [worker ant (7)]
  3679 | D:4      | Reached XP level 6. HP: 2/62 MP: 7/10
  3680 | D:4      | Gained mutation: You evolve. [potion of mutation]
  3680 | D:4      | Lost mutation: You evolve. [potion of mutation]
  3680 | D:4      | Gained mutation: Your magical capacity is low. (-10% MP) [potion of mutation]
  3681 | D:4      | Succumbed to a worker ant's poison

Vault maps used:
D:1:      shiori_arrival_elements
D:2:      fountainhead, eino_tiny_chamber
D:3:      chequers_ecumenical_altar_simple_redux
D:4:      corexii_shack_village, gammafunk_temple_overflow_elements, first_bread

Skill      XL: |  1  2  3  4  5 |
---------------+----------------+-----
Unarmed Combat | 3 4 |  4.4
Fighting       | 2 3 4 |  4.2
Transmutations | 2 |  2.6
Spellcasting   | 3 |  3.2
Dodging        | |  1.7

Action                   |  1- 3 |  4- 6 || total
-------------------------+-------+-------++-------
Melee: Unarmed           |   114 |   195 ||   309
       Kick              |     6 |    11 ||    17
       Headbutt          |     3 |    13 ||    16
       Punch             |     2 |     1 ||     3
 Cast: Beastly Appendage |    17 |    35 ||    52
       Sticks to Snakes  |       |     3 ||     3
  Use: Scroll            |       |     8 ||     8
       Potion            |       |     2 ||     2
  Eat: Chunk             |     2 |     8 ||    10
Armor: Robe              |    25 |    47 ||    72
Dodge: Dodged            |    62 |    91 ||   153
